 Dungeon Crawl Stone Soup version 0.29-a0-872-g797fff5ad1 (webtiles) character file.

Game seed: 3900804265890038787

1726 HoaS the Markskobold (level 9, 0/72 HPs)
             Began as a Kobold Hunter on July 18, 2022.
             Was an Initiate of Makhleb.
             Slain by Pikel
             ... wielding a +1 whip of electrocution
              (8 damage)
             ... on level 7 of the Dungeon.
             The game lasted 00:11:56 (8007 turns).

HoaS the Markskobold (Kobold Hunter)                Turns: 8007, Time: 00:11:56

Health: 0/72       AC: 24    Str:  9    XL:     9   Next: 25%
Magic:  9/9        EV:  3    Int: 10    God:    Makhleb [......]
Gold:   399        SH:  0    Dex: 22    Spells: 8/8 levels left

rFire   . . .      SeeInvis .   (weapon restricted)
rCold   . . .      Faith    .   (no shield)
rNeg    + . .      Spirit   .   (body armour currently unavailable)
rPois   +          Reflect  .   (helmet currently unavailable)
rElec   .          Harm     .   (cloak currently unavailable)
rCorr   .          Rampage  .   (gloves currently unavailable)
Will    .....      NoTele   +   (boots currently unavailable)
Stlth   +++.......              (no amulet)
HPRegen 0.22/turn               r - ring of positive energy
MPRegen 0.11/turn               (no ring)

@: tree-form, hasted, very quick
A: stationary, stasis, torment immunity, boosted hp, small, no large weapons,
nightstalker 3
a: Renounce Religion


You were on level 7 of the Dungeon.
You worshipped Makhleb.
Makhleb was noncommittal.
You were a tree.
You visited 2 branches of the dungeon, and saw 8 of its levels.

You collected 399 gold pieces.

Inventory:

Hand Weapons
 a - a +1 shortbow
Armour
 c - a +1 leather armour (melded)
 d - a +1 helmet (melded)
 n - a +0 pair of boots (melded)
Jewellery
 p - a ring of ice
 q - a ring of ice
 r - a ring of positive energy (left branch)
Wands
 s - a wand of flame (6)
Scrolls
 b - a scroll of immolation
 e - a scroll of magic mapping
 k - 2 scrolls of teleportation
 m - 2 scrolls of blinking
 u - a scroll of fog
Potions
 f - 3 potions of invisibility
 g - a potion of lignification
 i - 2 potions of attraction {unknown}
 j - 3 potions of flight
 l - a potion of degeneration {unknown}
 o - 2 potions of ambrosia
 t - 2 potions of curing {unknown}


   Skills:
 - Level 2.1 Fighting
 + Level 15.2 Ranged Weapons
 - Level 2.4 Dodging
 - Level 1.3 Stealth


You had 8 spell levels left.
You didn't know any spells.
Your spell library contained the following spells:

 Spells                   Type           Power      Damage    Failure   Level
 Ensorcelled Hibernation  Hex/Ice        0%         N/A       50%         2
 Sublimation of Blood     Necr           0%         N/A       50%         2
 Call Canine Familiar     Summ           0%         N/A       75%         3
 Portal Projectile        Hex/Tloc       0%         N/A       75%         3
 Spider Form              Tmut/Pois      0%         N/A       75%         3
 Anguish                  Hex/Necr       0%         N/A       98%         4
 Leda's Liquefaction      Hex/Erth       0%         N/A       98%         4
 Petrify                  Tmut/Erth      0%         N/A       98%         4
 Irradiate                Conj/Tmut      0%         3d11      100%        5


Dungeon Overview and Level Annotations

Branches:
Dungeon (7/15)             Temple (1/1) D:6

Altars:
Ashenzari
Cheibriados
Dithmenos
Fedhas
Gozag
Hepliaklqana
Makhleb
Nemelex Xobeh
Okawaru
Qazlal
Trog
Uskayaw
Wu Jian
Yredelemnul
Zin
The Shining One

Shops:
D:1 !   D:3 (   D:7 *

Annotations:
D:7 Pikel


Innate Abilities, Weirdness & Mutations

You are a tree.
Your roots penetrate the ground, keeping you stationary.
You cannot be teleported.
You are immune to unholy pain and torment.
Your maximum health is greatly increased.
Your equipment is partially melded.
You are small and have problems with some larger weapons.
You are completely attuned to the shadows.


Message History

Pikel is moderately wounded.
You shoot an arrow.
The arrow hits Pikel but does no damage.
Pikel is moderately wounded.
Pikel hits you with a +1 whip of electrocution!
A lemure comes into view.
You shoot an arrow. The arrow closely misses Pikel.
The arrow hits the lemure!
The lemure is moderately wounded.
You shoot an arrow. The arrow hits Pikel.
Pikel is moderately wounded.
Pikel hits you with a +1 whip of electrocution.
You are electrocuted!
You are too injured to fight recklessly!
You are too injured to fight recklessly!
You are too injured to fight recklessly!
You are too injured to fight recklessly!
You are too injured to fight recklessly!
Really quaff the potion of lignification?
You turn into a tree.
Your +1 helmet melds into your body.
Your +0 pair of boots melds into your body.
Your +1 leather armour melds into your body.
Your roots penetrate the ground.
You are now empty-handed.
Pikel hits you but does no damage.
You are electrocuted!
* * * LOW HITPOINT WARNING * * *
You hit Pikel but do no damage.
Pikel is moderately wounded.
You hit Pikel but do no damage.
Pikel is moderately wounded.
Pikel hits you but does no damage.
You are electrocuted!
* * * LOW HITPOINT WARNING * * *
You completely miss Pikel.
Pikel is moderately wounded.
Pikel hits you but does no damage.
You smack Pikel!
Pikel is heavily wounded.
You hit Pikel.
Pikel is severely wounded.
Pikel hits you with a +1 whip of electrocution!
You die...

#.# #.. #.# ####. #.#
..... #.# ####. #.#
#. #5# ########## ##
#.# #........# ####
#.##########.######.#
#... #.....55K♣.....#
#.# #...
############.#.# #.#
#... #####<#.#.# #.#
#... #.....#.#.####.#
#...
###.....#÷#....).#
#...
#.'.......########
#... #.#..........#
#... #.#.....####.#
#... #.####### #.#
#...


You could see Pikel and 2 lemures.

Vanquished Creatures
  Sigmund (D:3)
  A sky beast (D:6)
  An ice beast (D:7)
  2 black bears
  2 lemures (D:7)
  A kobold brigand (D:6)
  A bullfrog (D:4)
  A necrophage (D:6)
  A gnoll sergeant (D:7)
  2 scorpions
  3 wights
  2 jellies
  2 hounds
  3 orc priests (D:7)
  6 iguanas
  Natasha (D:3)
  An orc wizard (D:7)
  Robin (D:3)
  4 gnolls (D:7)
  3 adders
  2 shadow imps
  2 white imps
  3 ufetubi
  2 worms (D:2)
  4 dart slugs
  12 orcs
  6 ball pythons
  4 endoplasms
  A giant cockroach (D:1)
  20 goblins
  10 hobgoblins
  7 jackals
  10 kobolds
  4 quokkas
  5 bats
  2 frilled lizards (D:1)
  5 rats
138 creatures vanquished.

Notes
Turn   | Place    | Note
-------+----------+-------------------------------------------
     0 | D:1      | HoaS the Kobold Hunter began the quest for the Orb.
     0 | D:1      | Reached XP level 1. HP: 12/12 MP: 1/1
    53 | D:1      | Found Waukiq's Distillery.
   249 | D:1      | Reached XP level 2. HP: 14/17 MP: 2/2
   587 | D:1      | Reached skill level 6 in Ranged Weapons
   960 | D:1      | Reached XP level 3. HP: 21/21 MP: 3/3
  1764 | D:2      | Reached skill level 7 in Ranged Weapons
  1791 | D:2      | Reached XP level 4. HP: 22/26 MP: 4/4
  2490 | D:3      | Found Neeloij's Antique Weapon Boutique.
  2502 | D:3      | Found a faded altar of an unknown god.
  2519 | D:3      | Noticed Robin
  2527 | D:3      | Killed Robin
  2746 | D:3      | Reached XP level 5. HP: 30/30 MP: 5/5
  2804 | D:3      | Noticed Sigmund
  2825 | D:3      | Killed Sigmund
  2826 | D:3      | Reached skill level 9 in Ranged Weapons
  2826 | D:3      | Reached XP level 6. HP: 16/35 MP: 6/6
  3169 | D:3      | Noticed Natasha
  3173 | D:3      | Killed Natasha
  3373 | D:4      | Reached skill level 10 in Ranged Weapons
  3698 | D:4      | Reached XP level 7. HP: 23/40 MP: 7/7
  4555 | D:4      | Reached skill level 11 in Ranged Weapons
  4596 | D:5      | Entered Level 5 of the Dungeon
  5218 | D:5      | Identified the +6 flail "Hyneuloq" {vorpal, Str+4}
  5353 | D:6      | Found a glowing golden altar of the Shining One.
  5360 | D:6      | Found a burning altar of Makhleb.
  5360 | D:6      | Found a basalt altar of Yredelemnul.
  5365 | D:6      | Became a worshipper of Makhleb the Destroyer
  5386 | D:6      | Reached XP level 8. HP: 44/44 MP: 8/8
  5397 | D:6      | Reached skill level 12 in Ranged Weapons
  5558 | D:5      | Reached skill level 13 in Ranged Weapons
  6127 | D:6      | Found a sparkling altar of Nemelex Xobeh.
  6185 | D:6      | Found a staircase to the Ecumenical Temple.
  6201 | Temple   | Entered the Ecumenical Temple
  6434 | D:6      | Found an ornate altar of the Wu Jian Council.
  6581 | D:6      | Noticed a yak
  6583 | D:6      | Noticed a yak
  6898 | D:7      | Reached skill level 14 in Ranged Weapons
  6916 | D:7      | Reached XP level 9. HP: 37/48 MP: 9/9
  7445 | D:7      | Found Zosiotae's Gadget Gallery.
  7611 | D:7      | Reached skill level 15 in Ranged Weapons
  7927 | D:7      | Noticed Pikel
  8007 | D:7      | Slain by Pikel

Illustrated notes

Levels and vault maps discovered:
D:1:      dpeg_arrival_water_fire, layout_loops_ring, serial_shops, shop,
          serial_glass, glass_columns_a, glass_columns_b, solitary_fountain
D:2:      layout_basic
D:3:      layout_basic, serial_shops, nicolae_shop_stone,
          dreamdust_ecumenical_altar_statues, uniq_sigmund, uniq_robin,
          uniq_natasha
D:4:      black_bear_nest_2, layout_loops_ring
D:5:      layout_basic
D:6:      layout_rooms, gammafunk_temple_overflow_forgotten,
          general_overflow_altar, lemuel_round_altar,
          nemelex_xobeh_ov_fountains_minmay, minmay_temple_entry_trees,
          hangedman_abyss_or_decor_lesser_grid
D:7:      layout_basic, serial_shops, shop_coins, nicolae_shop_gadgets,
          uniq_pikel
Temple:   grunt_temple_mini_profane

Skill      XL: |  1  2  3  4  5  6  7  8  9 |
---------------+----------------------------+-----
Ranged Weapons | 6 7 9 10 11 14 15 | 15.2
Fighting       | |  2.1
Dodging        | |  2.4
Stealth        | |  1.3

Action                   |  1- 3 |  4- 6 |  7- 9 || total
-------------------------+-------+-------+-------++-------
Melee: Unarmed           |       |       |     5 ||     5
 Fire: Shortbow          |    87 |   109 |   282 ||   478
  Use: Scroll            |       |    11 |     6 ||    17
       Potion            |       |       |     2 ||     2
Armor: Leather armour    |    11 |     9 |    30 ||    50
       Skin              |       |       |     3 ||     3
Dodge: Dodged            |    41 |    31 |    79 ||   151

Table legend: (Time is in decaauts)
 A = Elapsed time spent in this place.
 B = Non-inter-level travel time spent in this place.
 C = Inter-level travel time spent in this place.
 D = Time resting spent in this place.
 E = Time spent auto-exploring this place.
 F = Levels seen in this place.
 G = Mean time per level.
                   A        B        C        D        E       F      G
               +--------+--------+--------+--------+--------+-----+--------+
         Total |   8016 |   7711 |    305 |   1837 |   4903 |   8 | 1002.0 |
       Dungeon |   7799 |   7530 |    269 |   1837 |   4729 |   7 | 1114.1 |
        Temple |    216 |    180 |     36 |      0 |    174 |   1 |  216.0 |
               +--------+--------+--------+--------+--------+-----+--------+

Top non-repeatable levels by time:
     D:1: 1440 daAuts
     D:7: 1337 daAuts
     D:4: 1230 daAuts
     D:5: 1161 daAuts
     D:2: 1027 daAuts
     D:3: 942 daAuts
     D:6: 658 daAuts
  Temple: 216 daAuts
